Map: Ultralove

Players

ByuN - Winner!

  • Race: Terran Terran
  • Spawn Location: 7:00

Astrea

  • Race: Protoss Protoss
  • Spawn Location: 1:00

Event: Esports World Cup 2025

VOD

Have the link to the VOD?

Description

Time

  • Played on: July 22, 2025, 5:38 a.m.
  • Length: 10:35

All games in this series

Show
View Real Time Build Order
Export as new Build Order

ByuN Terran - Winner!

Build Orders:  

Get SALT Encoding   

  12  0:00  SCV  
  13  0:12  SCV  
  14  0:16  Supply Depot  
  14  0:24  SCV  
  15  0:38  SCV  
  15  0:40  Barracks  
  15  0:42  Refinery  
  16  0:50  SCV  
  17  1:03  SCV  
  18  1:15  SCV  
  19  1:26  Marine  
  19  1:27  Orbital Command  
  20  1:40  Command Center  
  21  1:50  Barracks Tech Lab  
  21  1:51  Supply Depot  
  20  1:54  SCV  
  23  2:08  Marauder, Concussive Shells  
  23  2:12  SCV  
  24  2:17  Barracks  
  24  2:25  SCV  
  27  2:30  Marauder  
  27  2:37  Barracks, SCV  
  28  2:49  SCV  
  29  2:51  Stimpack  
  29  2:52  Marine  
  29  2:53  Orbital Command  
  30  3:01  SCV  
  30  3:04  Barracks Reactor  
  31  3:07  Engineering Bay  
  31  3:10  Marine  
  32  3:13  SCV  
  32  3:18  SCV  
  34  3:24  Marine  
  35  3:27  Supply Depot  
  35  3:28  Refinery, Marine  
  35  3:30  SCV  
  35  3:33  SCV  
  38  3:36  Terran Infantry Weapons Level 1  
  38  3:41  Marine x2  
  40  3:42  SCV  
  40  3:46  Marine  
  43  3:50  SCV  
  43  3:51  Barracks Tech Lab  
  43  3:54  Supply Depot, SCV  
  44  3:58  Marine x2  
  44  4:02  SCV  
  47  4:06  SCV  
  48  4:11  Marine x2, Combat Shield  
  48  4:14  SCV  
  48  4:15  Missile Turret  
  48  4:16  Marine x2  
  53  4:17  Bunker  
  53  4:18  SCV  
  53  4:21  Factory  
  54  4:29  Missile Turret, SCV  
  54  4:30  SCV  
  54  4:31  Marine x2  
  57  4:34  Marine  
  58  4:39  Supply Depot  
  58  4:41  SCV  
  58  4:42  SCV  
  58  4:45  Supply Depot  
  59  4:51  Refinery  
  58  4:54  SCV  
  58  4:55  SCV  
  58  4:56  Marine x2  
  62  5:00  Marauder x2  
  66  5:08  Supply Depot  
  66  5:09  Factory Reactor, Starport  
  66  5:10  SCV  
  66  5:12  SCV  
  68  5:15  Marine x2  
  70  5:22  Refinery, SCV  
  70  5:24  SCV  
  72  5:30  Supply Depot  
  72  5:32  Marauder  
  72  5:33  Marauder  
  72  5:34  Marine x2  
  78  5:37  SCV  
  78  5:38  SCV  
  80  5:43  Supply Depot  
  80  5:51  SCV  
  80  5:52  Marine  
  80  5:54  Marauder x2  
  80  5:56  SCV  
  87  5:59  Factory Reactor  
  87  6:01  Supply Depot  
  87  6:03  Medivac  
  89  6:07  Medivac  
  89  6:08  Marine  
  89  6:10  Marine  
  93  6:14  Terran Infantry Armor Level 1  
  93  6:16  Marauder  
  93  6:27  Marine  
  93  6:28  Marauder, Marine  
  93  6:29  SCV x2  
  99  6:38  Marauder, Medivac  
  102  6:42  Medivac  
  102  6:44  Widow Mine x2  
  102  6:46  Supply Depot x2  
  108  6:49  Marine x2  
  110  6:57  SCV x2  
  106  7:12  Marine x2  
  110  7:18  Widow Mine x2  
  110  7:19  Marauder, Command Center  
  114  7:23  Medivac x2  
  118  7:31  Marauder  
  118  7:32  Marine x2  
  122  7:40  SCV  
  122  7:43  SCV  
  124  7:45  Barracks  
  124  7:51  Barracks  
  121  7:53  SCV  
  121  7:55  Marauder x2, Marine, SCV  
  111  8:00  Widow Mine x2  
  111  8:05  SCV  
  116  8:07  Marine, SCV  
  114  8:12  Marine, Medivac  
  114  8:13  Medivac  
  114  8:16  Marauder x2  
  114  8:17  SCV  
  123  8:25  Marine  
  120  8:27  Ghost Academy, Widow Mine  
  120  8:29  SCV  
  120  8:30  Marine  
  121  8:36  SCV  
  121  8:38  Marauder x2, Barracks Tech Lab, Barracks Reactor  
  127  8:41  SCV  
  127  8:47  Marine  
  130  8:48  Marine, SCV, Widow Mine  
  130  8:49  Widow Mine  
  130  8:53  SCV  
  130  8:54  Missile Turret  
  135  8:57  Orbital Command  
  135  8:59  Ghost x2  
  135  9:00  SCV  
  135  9:01  Ghost  
  142  9:05  SCV  
  139  9:13  SCV  
  137  9:17  SCV  
  137  9:19  Marine  
  137  9:25  SCV  
  137  9:28  Ghost x2  
  137  9:29  SCV  
  137  9:30  Ghost  
  148  9:31  Marine  
  148  9:32  Marine  
  149  9:39  Supply Depot  
  149  9:41  Supply Depot  
  149  9:47  Armory  
  149  9:48  Marine, Engineering Bay  
  147  9:56  Ghost x2  
  144  10:01  SCV x2  
  144  10:02  Marauder, Marine  
  144  10:03  Marine  
  144  10:04  Marine  
  144  10:05  Widow Mine x2  
  144  10:06  Marine  
Show
View Real Time Build Order
Export as new Build Order

Astrea Protoss 

Build Orders: 1 Gate Expand, Phoenix Opening, Dark Templar Rush 

Get SALT Encoding   

  12  0:00  Probe  
  13  0:12  Probe  
  14  0:17  Pylon  
  14  0:26  Probe  
  15  0:34  Probe  
  15  0:35  Gateway  
  16  0:43  Probe, Assimilator  
  17  0:54  Probe  
  18  1:06  Probe  
  20  1:18  Probe  
  20  1:25  Nexus  
  20  1:31  Cybernetics Core  
  20  1:35  Probe  
  21  1:40  Assimilator  
  21  1:47  Probe  
  21  1:51  Pylon  
  22  1:57  Stalker  
  22  1:59  Probe  
  23  2:07  Warp Gate, Probe  
  23  2:15  Probe  
  26  2:22  Twilight Council  
  27  2:25  Probe  
  28  2:30  Stalker  
  28  2:37  Probe  
  31  2:39  Probe  
  32  2:46  Pylon  
  32  2:49  Probe  
  33  2:52  Probe  
  34  3:00  Shield Battery  
  34  3:01  Probe  
  34  3:04  Probe  
  34  3:09  Dark Shrine  
  34  3:13  Probe  
  34  3:16  Probe  
  36  3:20  Gateway  
  36  3:25  Probe  
  37  3:27  Charge  
  37  3:29  Probe  
  38  3:34  Probe  
  38  3:35  Phoenix  
  38  3:36  Gateway  
  39  3:42  Probe x2, Assimilator  
  41  3:51  Pylon, Probe  
  41  3:54  Probe  
  43  3:56  Sentry  
  43  3:58  Assimilator  
  45  4:03  Probe  
  45  4:06  Probe  
  47  4:16  Probe  
  48  4:18  Probe  
  48  4:21  Dark Templar x2  
  53  4:25  Pylon  
  53  4:28  Probe  
  54  4:32  Probe  
  55  4:41  Probe  
  55  4:43  Dark Templar  
  56  4:53  Nexus  
  56  4:54  Dark Templar x2  
  56  4:57  Gateway  
  56  5:00  Dark Templar  
  56  5:05  Pylon  
  58  5:10  Gateway, Templar Archives  
  58  5:12  Probe x2  
  60  5:14  Gateway  
  60  5:16  Gateway, Pylon  
  60  5:17  Blink  
  60  5:24  Probe, Zealot  
  60  5:25  Probe  
  64  5:34  Psionic Storm  
  64  5:37  Probe  
  64  5:38  Zealot  
  64  5:39  Probe  
  68  5:48  Pylon  
  68  5:49  Probe  
  69  5:51  Probe  
  69  5:55  High Templar  
  70  6:01  Probe  
  70  6:03  High Templar, Zealot  
  75  6:04  Probe  
  75  6:06  Pylon  
  75  6:09  Forge, Probe  
  75  6:10  Zealot  
  79  6:12  Zealot  
  79  6:14  Pylon  
  79  6:15  Zealot  
  82  6:22  Protoss Ground Weapons Level 1  
  82  6:24  Probe  
  78  6:26  Zealot  
  80  6:33  Zealot x3  
  80  6:36  Forge  
  86  6:43  Pylon  
  86  6:57  Nexus  
  86  6:58  Probe x2  
  86  7:01  High Templar x3  
  90  7:11  Probe x2  
  90  7:12  Robotics Facility  
  92  7:21  Pylon  
  92  7:23  Probe x2  
  92  7:25  Pylon  
  92  7:35  Probe x2  
  94  7:43  Stalker x5  
  103  7:47  Probe  
  95  7:54  Probe  
  95  7:56  Stalker  
  80  7:59  Observer  
  80  8:00  Probe  
  82  8:07  Probe  
  82  8:10  Stalker x4  
  82  8:12  Probe  
  91  8:13  Zealot  
  91  8:15  Protoss Ground Armor Level 1  
  91  8:19  Probe  
  85  8:23  Archon  
  85  8:24  Probe, Stalker  
  84  8:31  Probe  
  85  8:36  Probe  
  85  8:38  High Templar x2  
  90  8:43  Probe  
  90  8:47  Zealot x4  
  90  8:48  Probe  
  100  8:54  Shield Battery  
  100  9:11  Zealot x4  
  100  9:15  Pylon  
  100  9:16  Pylon  
  102  9:17  Pylon  
  102  9:24  Probe  
  97  9:25  High Templar  
  97  9:26  Probe  
  97  9:29  Observer  
  96  9:37  Zealot x4  
  100  9:39  Cybernetics Core  
  100  9:46  Probe x2  
  102  9:54  Immortal  
  98  10:03  Zealot x5  
  100  10:07  Probe  
  100  10:13  Assimilator x2  
  99  10:17  Probe  
  88  10:22  Probe  
  88  10:23  Archon  
  88  10:24  Zealot x5  
Tags
 
Add a new tag
Caveats
  • Supply blocks, unpowered buildings, or Contaminate may cause inaccurate times.
  • Supply counts are checked every 10 seconds.